Workbook

Sheet PRESUPUESTO GENERAL
A1: DOTACIÓN DE HERRAMIENTAS PARA LA IMPLEMENTACIÓN DEL PLAN DE GESTIÓN INTEGRAL DE RESIDUOS SÓLIDOS (PGIRS) DEL MUNICIPIO DE AGUACHICA, CESAR, MEDIANTE EL SUMINISTRO DE ELEMENTOS DESTINADOS AL FORTALECIMIENTO OPERATIVO DE LAS ESTACIONES DE CLASIFICACIÓN Y APROVECHAMIENTO (ECA) DDE LAS ASOCIACIONES DE RECICLADORES LEGALMENTE CONSTITUIDAS.
A5: PRESUPUESTO GENERAL
A6: AGOSTO 2026
A7: ITEM | B7: ACTIVIDAD | C7: UNIDAD | D7: CANTIDAD | E7: VALOR | F7: COSTO TOTAL POR ACTIVIDAD
A9: 1 | B9: Suministro de vehículo tipo moto carga, KARGUERO 200, incluye el costo de trámites de tránsito (Soat, Matrícula, Placa), con información promocional de la Asociación. | C9: Und | D9: 4 | E9: ='APU.1 MOTO'!F9 -> 21810028 | F9: =E9*D9 -> 87240113
A10: 2 | B10: Apoyo profesional para la adecuada instalación y utilización de los suministros y herramientas, así como realizar charlas instructivas sobre el manejo y uso de los elementos, de acuerdo con las necesidades de cada ECA. | C10: Und | D10: 4 | E10: ='APU 2. '!F16 -> 1544000 | F10: =D10*E10 -> 6176000
A11: 3 | B11: Suministrar kit de seguridad industrial y atención de emergencias con el fin de fortalecer las condiciones de seguridad y salud en el trabajo de los recicladores de oficio. | C11: Und | D11: 4 | E11: ='APU 3.'!F10 -> 550000 | F11: =D11*E11 -> 2200000
A12: 4 | B12: Suminitro de bienes para mejoramiento de las ECA. | C12: Unid | D12: 4 | E12: =APU.4!F16 -> 27566560 | F12: =D12*E12 -> 110266240
B13: COSTOS DIRECTOS | E13: SUB TOTAL | F13: =F9+F10+F11+F12 -> 2.0588235e+08
E14: IVA 19% | F14: =F13*19% -> 39117647
E15: TOTAL | F15: =F13+F14 -> 2.45e+08
B19: KATHERINE HOYOS TORRES
B20: GERENTE DE PLANEACION Y OBRAS

Sheet APU.1 MOTO
A1: ='PRESUPUESTO GENERAL'!A1 -> DOTACIÓN DE HERRAMIENTAS PARA LA IMPLEMENTACIÓN DEL PLAN DE GESTIÓN INTEGRAL DE RESIDUOS SÓLIDOS (PGIRS) DEL MUNICIPIO DE AGUACHICA, CESAR, MEDIANTE EL SUMINISTRO DE ELEMENTOS DESTINADOS AL FORTALECIMIENTO OPERATIVO DE LAS ESTACIONES DE CLASIFICACIÓN Y APROVECHAMIENTO (ECA) DDE LAS ASOCIACIONES DE RECICLADORES LEGALMENTE CONSTITUIDAS.
A3: ITEM | B3: ='PRESUPUESTO GENERAL'!B9 -> Suministro de vehículo tipo moto carga, KARGUERO 200, incluye el costo de trámites de tránsito (Soat, Matrícula, Placa), con información promocional de la Asociación. | E3: ='PRESUPUESTO GENERAL'!C9 -> Und | F3: ='PRESUPUESTO GENERAL'!D9 -> 4
A4: ='PRESUPUESTO GENERAL'!A9 -> 1
A6: EQUIPOS
A7: COD | B7: DESCRIPCIÓN | C7: UND | D7: CANT | E7: V. UNIT | F7: V. TOTAL
A8: 1.1 | B8: ='PRESUPUESTO GENERAL'!B9 -> Suministro de vehículo tipo moto carga, KARGUERO 200, incluye el costo de trámites de tránsito (Soat, Matrícula, Placa), con información promocional de la Asociación. | C8: Und | D8: 1 | E8: 21810028 | F8: =D8*E8 -> 21810028
E9: TOTAL | F9: =F8 -> 21810028
B14: KATHERINE HOYOS TORRES
B15: GERENTE DE PLANEACION Y OBRAS
E30: 0

Sheet APU 2. 
A1: ='PRESUPUESTO GENERAL'!A1 -> DOTACIÓN DE HERRAMIENTAS PARA LA IMPLEMENTACIÓN DEL PLAN DE GESTIÓN INTEGRAL DE RESIDUOS SÓLIDOS (PGIRS) DEL MUNICIPIO DE AGUACHICA, CESAR, MEDIANTE EL SUMINISTRO DE ELEMENTOS DESTINADOS AL FORTALECIMIENTO OPERATIVO DE LAS ESTACIONES DE CLASIFICACIÓN Y APROVECHAMIENTO (ECA) DDE LAS ASOCIACIONES DE RECICLADORES LEGALMENTE CONSTITUIDAS.
A3: ITEM | B3: ='PRESUPUESTO GENERAL'!B10 -> Apoyo profesional para la adecuada instalación y utilización de los suministros y herramientas, así como realizar charlas instructivas sobre el manejo y uso de los elementos, de acuerdo con las necesidades de cada ECA. | E3: ='PRESUPUESTO GENERAL'!C10 -> Und | F3: ='PRESUPUESTO GENERAL'!D10 -> 4
A4: ='PRESUPUESTO GENERAL'!A10 -> 2
A6: MANO DE OBRA CALIFICADA
A7: COD | B7: DESCRIPCIÓN | C7: UND | D7: CANT | E7: V. UNIT | F7: V. TOTAL
A8: 2.1 | B8: Profesional ambiental. Esp en gestion ambiental | C8: Jornada | D8: 0.2 | E8: 4000000 | F8: =D8*E8 -> 800000
A9: 2.2 | B9: Técnico Ambiental | C9: Jornada | D9: 0.1 | E9: 2000000 | F9: =D9*E9 -> 200000
F10: =F8+F9 -> 1000000
A11: REFRIGERIO
A12: COD | B12: DESCRIPCIÓN | C12: UND | D12: CANT | E12: V. UNIT | F12: V. TOTAL
A13: 2.3 | B13: Croasan de pollo y jugo de cajita de 250 ml | C13: Jornada | D13: 20 | E13: 9200 | F13: =D13*E13 -> 184000
A14: 2.4 | B14: Botellas de aguas | C14: Jornada | D14: 20 | E14: 3000 | F14: =D14*E14 -> 60000
A15: 2.5 | B15: Alquiler del lugar y sonido (Logística de sillas y ambientación) | C15: Jornada | D15: 1 | E15: 300000 | F15: =E15*D15 -> 300000
E16: TOTAL | F16: =F10+F13+F14+F15 -> 1544000
B20: KATHERINE HOYOS TORRES
B21: GERENTE DE PLANEACION Y OBRAS

Sheet APU 3.
A1: ='PRESUPUESTO GENERAL'!A1 -> DOTACIÓN DE HERRAMIENTAS PARA LA IMPLEMENTACIÓN DEL PLAN DE GESTIÓN INTEGRAL DE RESIDUOS SÓLIDOS (PGIRS) DEL MUNICIPIO DE AGUACHICA, CESAR, MEDIANTE EL SUMINISTRO DE ELEMENTOS DESTINADOS AL FORTALECIMIENTO OPERATIVO DE LAS ESTACIONES DE CLASIFICACIÓN Y APROVECHAMIENTO (ECA) DDE LAS ASOCIACIONES DE RECICLADORES LEGALMENTE CONSTITUIDAS.
A3: ITEM | B3: ='PRESUPUESTO GENERAL'!B11 -> Suministrar kit de seguridad industrial y atención de emergencias con el fin de fortalecer las condiciones de seguridad y salud en el trabajo de los recicladores de oficio. | E3: ='PRESUPUESTO GENERAL'!C11 -> Und | F3: ='PRESUPUESTO GENERAL'!D11 -> 4
A4: ='PRESUPUESTO GENERAL'!A11 -> 3
A6: MATERIALES
A7: COD | B7: DESCRIPCIÓN | C7: UND | D7: CANT | E7: V. UNIT | F7: V. TOTAL
A8: 3.1 | B8: Extintor multipropósito ABC con soporte. Capacidad: 10 lb (4,5 kg). Agente extintor: Polvo químico seco tipo ABC. | C8: Und | D8: 1 | E8: 260000 | F8: =D8*E8 -> 260000
A9: 3.2 | B9: Botiquín de primeros auxilios tipo industrial (Gasas estériles, Vendas elásticas y de gasa, Esparadrapo, Apósitos adhesivos, Guantes de nitrilo, Solución antiséptica, Tijeras de punta roma, Tapabocas, Manual básico de primeros auxilios) | C9: Und | D9: 1 | E9: 290000 | F9: =D9*E9 -> 290000
E10: TOTAL | F10: =F8+F9 -> 550000
B13: KATHERINE HOYOS TORRES
B14: GERENTE DE PLANEACION Y OBRAS

Sheet APU.4
A1: ='PRESUPUESTO GENERAL'!A1 -> DOTACIÓN DE HERRAMIENTAS PARA LA IMPLEMENTACIÓN DEL PLAN DE GESTIÓN INTEGRAL DE RESIDUOS SÓLIDOS (PGIRS) DEL MUNICIPIO DE AGUACHICA, CESAR, MEDIANTE EL SUMINISTRO DE ELEMENTOS DESTINADOS AL FORTALECIMIENTO OPERATIVO DE LAS ESTACIONES DE CLASIFICACIÓN Y APROVECHAMIENTO (ECA) DDE LAS ASOCIACIONES DE RECICLADORES LEGALMENTE CONSTITUIDAS.
A3: ITEM | B3: ='PRESUPUESTO GENERAL'!B12 -> Suminitro de bienes para mejoramiento de las ECA. | E3: ='PRESUPUESTO GENERAL'!C12 -> Unid | F3: ='PRESUPUESTO GENERAL'!D12 -> 4
A4: ='PRESUPUESTO GENERAL'!A12 -> 4
A6: EQUIPOS
A7: COD | B7: DESCRIPCIÓN | C7: UND | D7: CANT | E7: V. UNIT | F7: V. TOTAL
A8: 4.1 | B8: Punto ecológico de 55 litros (con logos de la Asociación) | C8: Und | D8: 2 | E8: 880000 | F8: =D8*E8 -> 1760000
A9: 4.2 | B9: Carro plataforma Rubbermaid para carga pesada con ruedas giratorias, transporte al sitio | C9: Und | D9: 1 | E9: 7444560 | F9: =E9*D9 -> 7444560
A10: 4.3 | B10: Señalización en acrilico que identifique (Administración, recepción, pesaje, selección y clasificacion, almacenamiento de material aprovechables, almacenamiento de rechazo), instalación | C10: Und | D10: 1 | E10: 610000 | F10: =D10*E10 -> 610000
A11: 4.4 | B11: Kit de herramientas de aseo (escoba industrial o de barrido pesado, rastrillo metalico, recogedor de basura, pala metalica y cono de seguridad vial) | C11: Und | D11: 12 | E11: =590000 -> 590000 | F11: =D11*E11 -> 7080000
A12: 4.5 | B12: Botones informativos para cada Asociación | C12: Und | D12: 1000 | E12: 3800 | F12: =E12*D12 -> 3800000
A13: 4.6 | B13: Pendon con araña, publicidad de cada Asociación | C13: Und | D13: 1 | E13: 750000 | F13: =E13 -> 750000
A14: 4.7 | B14: Sopladora / Aspiradora 125BVX a Gasolina 1.07hp 28cm³, 4.4kg (Motor 2 Tiempos) | C14: Und | D14: 1 | E14: 2450000 | F14: =D14*E14 -> 2450000
A15: 4.8 | B15: Contenedor de dos ruedas, con capacidad de 208 litros, con unas dimensiones de 104 cm de alto, 75 cm de largo y 66 cm de ancho | C15: Und | D15: 2 | E15: 1836000 | F15: =D15*E15 -> 3672000
E16: TOTAL | F16: =F8+F10+F11+F15++F9+F12+F13+F14 -> 27566560
B17: KATHERINE HOYOS TORRES
B18: GERENTE DE PLANEACION Y OBRAS

Sheet MATERIALES
A1: ='PRESUPUESTO GENERAL'!A1 -> DOTACIÓN DE HERRAMIENTAS PARA LA IMPLEMENTACIÓN DEL PLAN DE GESTIÓN INTEGRAL DE RESIDUOS SÓLIDOS (PGIRS) DEL MUNICIPIO DE AGUACHICA, CESAR, MEDIANTE EL SUMINISTRO DE ELEMENTOS DESTINADOS AL FORTALECIMIENTO OPERATIVO DE LAS ESTACIONES DE CLASIFICACIÓN Y APROVECHAMIENTO (ECA) DDE LAS ASOCIACIONES DE RECICLADORES LEGALMENTE CONSTITUIDAS.
A2: LISTA DE MATERIALES E INSUMOS
A3: MATERIAL | B3: UNIDAD | C3: V. UNITARIO
A4: ='APU.1 MOTO'!B8 -> Suministro de vehículo tipo moto carga, KARGUERO 200, incluye el costo de trámites de tránsito (Soat, Matrícula, Placa), con información promocional de la Asociación. | B4: ='APU.1 MOTO'!C8 -> Und | C4: ='APU.1 MOTO'!E8 -> 21810028
A5: ='APU 3.'!B8 -> Extintor multipropósito ABC con soporte. Capacidad: 10 lb (4,5 kg). Agente extintor: Polvo químico seco tipo ABC. | B5: ='APU 3.'!C8 -> Und | C5: ='APU 3.'!E8 -> 260000
A6: ='APU 3.'!B9 -> Botiquín de primeros auxilios tipo industrial (Gasas estériles, Vendas elásticas y de gasa, Esparadrapo, Apósitos adhesivos, Guantes de nitrilo, Solución antiséptica, Tijeras de punta roma, Tapabocas, Manual básico de primeros auxilios) | B6: ='APU 3.'!C9 -> Und | C6: ='APU 3.'!E9 -> 290000
A7: =APU.4!B8 -> Punto ecológico de 55 litros (con logos de la Asociación) | B7: =APU.4!C8 -> Und | C7: =APU.4!E8 -> 880000
A8: =APU.4!B9 -> Carro plataforma Rubbermaid para carga pesada con ruedas giratorias, transporte al sitio | B8: =APU.4!C9 -> Und | C8: =APU.4!E9 -> 7444560
A9: =APU.4!B12 -> Botones informativos para cada Asociación | B9: =APU.4!C12 -> Und | C9: =APU.4!E12 -> 3800
A10: =APU.4!B13 -> Pendon con araña, publicidad de cada Asociación | B10: =APU.4!C13 -> Und | C10: =APU.4!E13 -> 750000
A11: =APU.4!B14 -> Sopladora / Aspiradora 125BVX a Gasolina 1.07hp 28cm³, 4.4kg (Motor 2 Tiempos) | B11: =APU.4!C14 -> Und | C11: =APU.4!E14 -> 2450000
A12: =APU.4!B10 -> Señalización en acrilico que identifique (Administración, recepción, pesaje, selección y clasificacion, almacenamiento de material aprovechables, almacenamiento de rechazo), instalación | B12: =APU.4!C10 -> Und | C12: =APU.4!E10 -> 610000
A13: =APU.4!B11 -> Kit de herramientas de aseo (escoba industrial o de barrido pesado, rastrillo metalico, recogedor de basura, pala metalica y cono de seguridad vial) | B13: =APU.4!C11 -> Und | C13: =APU.4!E11 -> 590000
A14: =APU.4!B15 -> Contenedor de dos ruedas, con capacidad de 208 litros, con unas dimensiones de 104 cm de alto, 75 cm de largo y 66 cm de ancho | B14: =APU.4!C15 -> Und | C14: =APU.4!E15 -> 1836000
A17: KATHERINE HOYOS TORRES
A18: GERENTE DE PLANEACION Y OBRAS

Sheet MEMORIAS
A1: MEMORIA DE CALCULO
A2: ITEM | B2: =+'PRESUPUESTO GENERAL'!A9 -> 1 | D2: ACTIVIDAD | J2: UNIDAD
D3: =+'PRESUPUESTO GENERAL'!B9 -> Suministro de vehículo tipo moto carga, KARGUERO 200, incluye el costo de trámites de tránsito (Soat, Matrícula, Placa), con información promocional de la Asociación. | J3: =+'PRESUPUESTO GENERAL'!C9 -> Und
D4: BENEFICIARIOS | E4: ELEMENTOS | I4: No ELEMENTOS | J4: TOTAL
D6: Asociación Amirsa Asociación Las bateas Asociación Reciclar para vivir Asociación Transformadores de vida | E6: =MATERIALES!A4 -> Suministro de vehículo tipo moto carga, KARGUERO 200, incluye el costo de trámites de tránsito (Soat, Matrícula, Placa), con información promocional de la Asociación. | I6: ='APU.1 MOTO'!D8 -> 1 | J6: 4
D12: TOTAL | J12: =ROUND(SUM(J6:J11),2) -> 4
A13: REVISÒ Y APROBÒ | C13: KATHERINE HOYOS TORRES (GERENTE DE PLANEACION Y OBRAS)
A14: PROYECTO | C14: ADRIANA FIGUEROA (PROFESIONAL AREA AMBIENTAL)
A17: ITEM | B17: ='PRESUPUESTO GENERAL'!A10 -> 2 | D17: ACTIVIDAD | J17: UNIDAD
D18: ='PRESUPUESTO GENERAL'!B10 -> Apoyo profesional para la adecuada instalación y utilización de los suministros y herramientas, así como realizar charlas instructivas sobre el manejo y uso de los elementos, de acuerdo con las necesidades de cada ECA. | J18: ='PRESUPUESTO GENERAL'!C10 -> Und
D19: BENEFICIARIOS | E19: ELEMENTOS | I19: No ELEMENTOS | J19: TOTAL
D21: Asociacion Amirsa | E21: CAPACITACION | I21: 1 | J21: =I21 -> 1
D22: Asociacion las Bateas | I22: 1 | J22: =I22 -> 1
D23: Asociacion Reciclar para vivir | I23: 1 | J23: =I23 -> 1
D24: Asociación Transformadores de vida | I24: 1 | J24: =I24 -> 1
D25: TOTAL | J25: =SUM(J21:J24) -> 4
A26: REVISÒ Y APROBÒ | C26: KATHERINE HOYOS TORRES (GERENTE DE PLANEACION Y OBRAS)
A27: PROYECTO | C27: ADRIANA FIGUEROA (PROFESIONAL AREA AMBIENTAL)
A29: ITEM | B29: ='PRESUPUESTO GENERAL'!A11 -> 3 | D29: ACTIVIDAD 4 | J29: UNIDAD
D30: ='PRESUPUESTO GENERAL'!B11 -> Suministrar kit de seguridad industrial y atención de emergencias con el fin de fortalecer las condiciones de seguridad y salud en el trabajo de los recicladores de oficio. | J30: ='PRESUPUESTO GENERAL'!C11 -> Und
D31: BENEFICIARIOS | E31: ELEMENTOS | I31: No ELEMENTOS | J31: TOTAL
D33: Asociación Amirsa Asociación Las bateas Asociación Reciclar para vivir Asociación Transformadores de vida | E33: =MATERIALES!A5 -> Extintor multipropósito ABC con soporte. Capacidad: 10 lb (4,5 kg). Agente extintor: Polvo químico seco tipo ABC. | I33: ='APU 3.'!D8 -> 1 | J33: 4
E34: =MATERIALES!A6 -> Botiquín de primeros auxilios tipo industrial (Gasas estériles, Vendas elásticas y de gasa, Esparadrapo, Apósitos adhesivos, Guantes de nitrilo, Solución antiséptica, Tijeras de punta roma, Tapabocas, Manual básico de primeros auxilios) | I34: ='APU 3.'!D9 -> 1
D35: TOTAL | J35: =SUM(J33:J34) -> 4
A36: REVISÒ Y APROBÒ | C36: KATHERINE HOYOS TORRES (GERENTE DE PLANEACION Y OBRAS)
A37: PROYECTO | C37: ADRIANA FIGUEROA (PROFESIONAL AREA AMBIENTAL)
A39: ITEM | B39: ='PRESUPUESTO GENERAL'!A12 -> 4 | D39: ACTIVIDAD 5 | J39: UNIDAD
D40: ='PRESUPUESTO GENERAL'!B12 -> Suminitro de bienes para mejoramiento de las ECA. | J40: ='PRESUPUESTO GENERAL'!C12 -> Unid
D41: BENEFICIARIOS | E41: ELEMENTOS | I41: No ELEMENTOS | J41: TOTAL
D43: Asociación Amirsa, Las Bateas, Reciclar para vivir, Transformadores de vida. | E43: =MATERIALES!A7 -> Punto ecológico de 55 litros (con logos de la Asociación) | I43: =APU.4!D8 -> 2 | J43: 4
E44: =MATERIALES!A8 -> Carro plataforma Rubbermaid para carga pesada con ruedas giratorias, transporte al sitio | I44: =APU.4!D9 -> 1
E45: =MATERIALES!A12 -> Señalización en acrilico que identifique (Administración, recepción, pesaje, selección y clasificacion, almacenamiento de material aprovechables, almacenamiento de rechazo), instalación | I45: =APU.4!D10 -> 1
E46: =MATERIALES!A13 -> Kit de herramientas de aseo (escoba industrial o de barrido pesado, rastrillo metalico, recogedor de basura, pala metalica y cono de seguridad vial) | I46: =APU.4!D11 -> 12
E47: =APU.4!B12 -> Botones informativos para cada Asociación | I47: =APU.4!D12 -> 1000
E48: =APU.4!B13 -> Pendon con araña, publicidad de cada Asociación | I48: =APU.4!D13 -> 1
E49: =APU.4!B14 -> Sopladora / Aspiradora 125BVX a Gasolina 1.07hp 28cm³, 4.4kg (Motor 2 Tiempos) | I49: =APU.4!D14 -> 1
E50: =MATERIALES!A14 -> Contenedor de dos ruedas, con capacidad de 208 litros, con unas dimensiones de 104 cm de alto, 75 cm de largo y 66 cm de ancho | I50: =APU.4!D15 -> 2
D51: TOTAL | J51: =SUM(J43:J50) -> 4
A52: REVISÒ Y APROBÒ | C52: KATHERINE HOYOS TORRES (GERENTE DE PLANEACION Y OBRAS)
A53: PROYECTO | C53: ADRIANA FIGUEROA (PROFESIONAL AREA AMBIENTAL)

Sheet CRONOGRAMA
A1: ='PRESUPUESTO GENERAL'!A1 -> DOTACIÓN DE HERRAMIENTAS PARA LA IMPLEMENTACIÓN DEL PLAN DE GESTIÓN INTEGRAL DE RESIDUOS SÓLIDOS (PGIRS) DEL MUNICIPIO DE AGUACHICA, CESAR, MEDIANTE EL SUMINISTRO DE ELEMENTOS DESTINADOS AL FORTALECIMIENTO OPERATIVO DE LAS ESTACIONES DE CLASIFICACIÓN Y APROVECHAMIENTO (ECA) DDE LAS ASOCIACIONES DE RECICLADORES LEGALMENTE CONSTITUIDAS.
C4: SEM | D4: SEM 1 | E4: SEM 2 | F4: SEM 3 | G4: SEM 4 | H4: SEM 5 | I4: SEM 6 | J4: Total
A5: ITEM | B5: ACTIVIDAD
B6: Etapa Contratacion
A7: ='PRESUPUESTO GENERAL'!A9 -> 1 | B7: ='PRESUPUESTO GENERAL'!B9 -> Suministro de vehículo tipo moto carga, KARGUERO 200, incluye el costo de trámites de tránsito (Soat, Matrícula, Placa), con información promocional de la Asociación. | D7: ='PRESUPUESTO GENERAL'!F9/2 -> 43620056 | E7: =D7 -> 43620056 | J7: =SUM(D7:G7) -> 87240113
A8: ='PRESUPUESTO GENERAL'!A10 -> 2 | B8: ='PRESUPUESTO GENERAL'!B10 -> Apoyo profesional para la adecuada instalación y utilización de los suministros y herramientas, así como realizar charlas instructivas sobre el manejo y uso de los elementos, de acuerdo con las necesidades de cada ECA. | F8: ='PRESUPUESTO GENERAL'!F10/3 -> 2058666.7 | G8: =F8 -> 2058666.7 | H8: =F8 -> 2058666.7 | J8: =SUM(D8:H8) -> 6176000
A9: ='PRESUPUESTO GENERAL'!A11 -> 3 | B9: ='PRESUPUESTO GENERAL'!B11 -> Suministrar kit de seguridad industrial y atención de emergencias con el fin de fortalecer las condiciones de seguridad y salud en el trabajo de los recicladores de oficio. | D9: ='PRESUPUESTO GENERAL'!F11/2 -> 1100000 | E9: =D9 -> 1100000 | J9: =SUM(D9:I9) -> 2200000
A10: ='PRESUPUESTO GENERAL'!A12 -> 4 | B10: ='PRESUPUESTO GENERAL'!B12 -> Suminitro de bienes para mejoramiento de las ECA. | G10: ='PRESUPUESTO GENERAL'!F12/3 -> 36755413 | H10: ='PRESUPUESTO GENERAL'!F12/3 -> 36755413 | I10: ='PRESUPUESTO GENERAL'!F12/3 -> 36755413 | J10: =SUM(D10:I10) -> 110266240
A11: IVA 19% | D11: ='PRESUPUESTO GENERAL'!F14/6 -> 6519607.8 | E11: =D11 -> 6519607.8 | F11: =E11 -> 6519607.8 | G11: =F11 -> 6519607.8 | H11: =D11 -> 6519607.8 | I11: =G11 -> 6519607.8 | J11: =SUM(D11:I11) -> 39117647
A12: Total | J12: =SUM(J7:J11) -> 2.45e+08
B15: KATHERINE HOYOS TORRES
B16: GERENTE DE PLANEACION Y OBRAS
